 Seeded DCSS version 0.30.1-6-gbe392663c4 (webtiles) character file.

Game seed: 15660985446129201502 (custom seed)

19427 AccursedSamuel the Cruncher (level 12, -20/64 (68) HPs)
             Began as a Tengu Monk on Sept 21, 2023.
             Was the Champion of Nemelex Xobeh.
             Killed from afar by an orc sorcerer (38 damage)
             ... with a bolt of negative energy
             ... on level 2 of the Orcish Mines.
             The game lasted 01:01:25 (14807 turns).

AccursedSamuel the Cruncher (Tengu Monk)           Turns: 14807, Time: 01:01:26

HP:   -20/64 (68)   AC: 12    Str: 16    XL:     12   Next: 68%
MP:   13/13         EV: 22    Int: 13    God:    Nemelex Xobeh [******]
Gold: 1114          SH:  0    Dex: 18    Spells: 11/11 levels left

rFire   + . .        F - +9 quarterstaff of the Shrike {drain, rC+ Int+3}
rCold   + . .        (shield currently unavailable)
rNeg    . . .        E - +0 troll leather armour
rPois   .            (helmet restricted)
rElec   .            b - +2 cloak {Stlth+}
rCorr   .            o - +0 pair of gloves
SInv    .            (boots unavailable)
Will    .....        (no amulet)
Stlth   +++++        i - +4 ring of protection
HPRegen 1.10/turn    A - ring of protection from fire
MPRegen 0.13/turn

%: no passive effects
@: flying quickly and evasively, drained, quick
A: beak, talons 3, nimble flight, frail 1
a: Renounce Religion, Draw Escape, Draw Destruction, Draw Summoning, Triple
Draw, Deal Four, Stack Five


You were on level 2 of the Orcish Mines.
You worshipped Nemelex Xobeh.
Nemelex Xobeh was exalted by your worship.
You visited 3 branches of the dungeon, and saw 16 of its levels.

You collected 1114 gold pieces.

Inventory:

Hand Weapons
 r - a +5 quarterstaff of chaos
 F - the +9 quarterstaff of the Shrike (weapon) {drain, rC+ Int+3}
   (You found it on level 12 of the Dungeon)

   Int:       It affects your intelligence (+3).
   rC:        It protects you from cold.
Armour
 b - a +2 cloak of stealth (worn)
 d - an orb of light
 e - the +5 robe of Night {Dark Will+ SInv}
   (You acquired it on level 1 of the Dungeon)

   Dark:      It shrouds the wearer in darkness, reducing the range at which
   they can see and be seen by others.
   SInv:      It lets you see invisible.
   Will:      It increases your willpower.
 o - a +0 pair of gloves (worn)
 y - a +4 chain mail of cold resistance
 E - a +0 troll leather armour (worn)
Jewellery
 i - a +4 ring of protection (left hand)
 v - an amulet of faith
 A - a ring of protection from fire (right hand)
Wands
 w - a wand of iceblast (15)
 D - a wand of flame (10)
Scrolls
 a - a scroll of brand weapon {unknown}
 f - 11 scrolls of teleportation
 k - 6 scrolls of identify
 m - a scroll of immolation
 q - a scroll of vulnerability
 u - a scroll of blinking
Potions
 c - 3 potions of ambrosia
 h - a potion of magic
 j - 3 potions of flight
 n - 3 potions of attraction
 s - a potion of curing
 x - 2 potions of haste
 z - 2 potions of lignification


   Skills:
 + Level 9.3 Fighting
 + Level 5.0 Axes
 + Level 14.3 Staves
 + Level 3.1 Armour
 + Level 11.1 Dodging
 + Level 8.6 Stealth


You had 11 spell levels left.
You didn't know any spells.
Your spell library contained the following spells:

 Spells                   Type           Power      Damage    Failure   Level
 Cigotuvi's Dreadful Rot  Necr/Pois/Air  0%         N/A       50%         2
 Lesser Beckoning         Tloc           0%         N/A       50%         2
 Gell's Gravitas          Tloc           0%         N/A       73%         3
 Ignite Poison            Fire/Tmut/Pois 0%         N/A       73%         3
 Teleport Other           Tloc           0%         N/A       73%         3
 Dispel Undead            Necr           0%         3d6       98%         4
 Sticky Flame             Conj/Fire      0%         2d3       98%         4
 Death Channel            Necr           0%         N/A       100%        6
 Ignition                 Fire           0%         3d3       100%        8


Dungeon Overview and Level Annotations

Branches:
Dungeon (13/15)            Temple (1/1) D:7            Lair (0/5) D:8
    Orc (2/2) D:12
    Elf: Orc:2       Vaults: D:13-14

Altars:
Ashenzari
Cheibriados
Dithmenos
Elyvilon
Fedhas
Gozag
Hepliaklqana
Kikubaaqudgha
Makhleb
Nemelex Xobeh
Okawaru
Qazlal
Ru
Sif Muna
Trog
Uskayaw
Vehumet
Wu Jian
Xom
Yredelemnul
Zin
The Shining One
Lugonu

Shops:
D:12 =   Orc:2 (*

Annotations:
D:6 rddays123's ghost, novice FeSu
D:8 1 transporter


Innate Abilities, Weirdness & Mutations

You have a beak for a mouth.
You have claws for feet.
Your magical nature lets you fly swiftly and evasively.
You are frail. (-10% HP)


Message History

Your rakshasa barely misses the orc wizard.
The orc shouts!
Something barely misses your rakshasa.
Your rakshasa hits something with a +0 whip!
The orc wizard hits your rakshasa but does no damage.
Your rakshasa hits the orc wizard with a +0 whip!
The orc sorcerer misses you.
The orc wizard hits your rakshasa but does no damage.
Your rakshasa hits the orc wizard with a +0 whip.
Your ynoxinul hits the orc sorcerer but does no damage.
A puff of flame appears from out of thin air!
The puff of flame hits your ynoxinul!
Your ynoxinul hits the orc sorcerer. Something hits your ynoxinul.
Things that are here:
a +0 chain mail; a +0 club You see here a +0 giant club.
You draw a card...
You have drawn Pain.
Press: ? - help, Shift-Dir - straight line, f - ynoxinul
Aim: a ynoxinul (heavily wounded, summoned, friendly)
The orc sorcerer convulses!
Your ynoxinul gestures.
The orc sorcerer hits you but does no damage.
Something closely misses your ynoxinul.
Your rakshasa hits something with a +0 whip.
Reactivating autopickup.
You feel a bit more experienced.
The orc sorcerer gestures at you while chanting.
The bolt of negative energy misses you. Something misses your rakshasa.
Your ufetubus hits the orc but does no damage.
Your ufetubus closely misses the orc.
Your ynoxinul gestures.
Your ufetubus closely misses the orc sorcerer.
Your ufetubus hits the orc sorcerer but does no damage.
Your ufetubus hits the orc but does no damage. x2
The orc sorcerer casts a spell at you. The bolt of negative energy hits you!!!
You feel drained.
Ouch! That really hurt!
You die...
Your body glows with a rainbow of weird colours and disappears.

# ### ##.#......##..........
###.### ##.#..................
#.....## ##...................#.
.......#.##.#...##.#)............
#...............#................
#[.###.#.##....#.#...............
[[)# # ##.#...##$5.5.........
#[##############....55.5.......o.
.)..............@..)o3o.o........
.[..........[....[.....R.........
.######..#######.###.###..######.
. #..# #.# #.# #).# o.∩# .
#..#######.###.###).#


ooo# . #))........[....§§§R# ooo .###'##.)###.###..........##'###. .........#
#.# #..8...8...o...... .###'###.# #.# #...)))....##o###. You could see an orc
sorcerer (drained, ally target), an orc, a friendly rakshasa (summoned), a
friendly ynoxinul (summoned) and 5 friendly ufetubi.

Vanquished Creatures
  Harold (D:9)
  A two-headed ogre (D:9)
  A boulder beetle (D:12)
  3 orc sorcerers (Orc:2)
  2 gargoyles (D:12)
  4 trolls
  2 hornets
  Sigmund (D:4)
  4 wyverns (D:8)
  A shadow (D:9)
  11 yaks
  4 steam dragons
  3 vampire mosquitoes (D:12)
  Menkaure (D:6)
  Edmund (D:5)
  6 wargs
  6 water moccasins (D:8)
  3 orc warriors
  A black bear (D:8)
  5 sky beasts
  3 centaurs
  5 ogres
  2 kobold brigands
  2 bullfrogs (D:9)
  A gnoll sergeant (D:7)
  3 scorpions
  5 wights (D:8)
  7 killer bees
  4 howler monkeys
  5 hounds
  2 quasits (D:5)
  Crazy Yiuf (D:2)
  9 orc priests
  A jelly (D:8)
  5 iguanas
  22 orc wizards
  Jessica (D:2)
  2 sleepcaps
  Ijyb (D:4)
  4 adders
  8 gnolls
  3 shadow imps (D:5)
  2 white imps (D:5)
  7 ufetubi
  2 worms
  4 dart slugs
  41 orcs
  6 ball pythons
  9 endoplasms
  2 giant cockroaches (D:2)
  8 goblins
  9 hobgoblins
  10 kobolds
  6 quokkas
  3 bats
  7 frilled lizards
  8 rats
  A spectral kobold (D:2)
282 creatures vanquished.

Vanquished Creatures (collateral kills)
  Frances (D:12)
  A two-headed ogre (D:10)
  2 orc sorcerers (Orc:2)
  A cyclops (D:9)
  An unseen horror (D:10)
  A troll (Orc:2)
  A basilisk (D:12)
  4 yaks
  2 wargs (Orc:2)
  3 orc warriors
  A centaur (D:10)
  A kobold brigand (D:11)
  An electric eel (D:11)
  A quasit (D:5)
  6 orc wizards
  A shadow imp (D:6)
  15 orcs
  10 kobolds
53 creatures vanquished.

Vanquished Creatures (others)
  A warg (Orc:2)
  An orc wizard (Orc:2)
  An orc (Orc:2)
3 creatures vanquished.

Grand Total: 338 creatures vanquished

Notes
Turn   | Place    | Note
-------+----------+-------------------------------------------
     0 | D:1      | AccursedSamuel the Tengu Monk began the quest for the Orb.
     0 | D:1      | Reached XP level 1. HP: 14/14 MP: 2/2
    75 | D:1      | Reached XP level 2. HP: 19/19 MP: 3/3
    80 | D:1      | Identified a scroll of acquirement
    80 | D:1      | Acquired the +5 robe of Night {Dark Will+ SInv}
    80 | D:1      | Found the +5 robe of Night {Dark Will+ SInv}
   552 | D:1      | Reached XP level 3. HP: 23/23 MP: 4/4
   928 | D:2      | Noticed Jessica
   937 | D:2      | Killed Jessica
   949 | D:2      | Reached XP level 4. HP: 20/28 MP: 5/5
  1124 | D:2      | Reached skill level 1 in Stealth
  1357 | D:2      | Found a faded altar of an unknown god.
  1382 | D:2      | Prayed at the altar of an unknown god.
  1382 | D:2      | Became a worshipper of Nemelex Xobeh the Trickster
  1382 | D:2      | Reached * piety under Nemelex Xobeh
  1382 | D:2      | Received a gift from Nemelex Xobeh
  1382 | D:2      | Reached ** piety under Nemelex Xobeh
  1414 | D:2      | Found a runed translucent door.
  1416 | D:2      | Noticed Crazy Yiuf
  1678 | D:2      | Killed Crazy Yiuf
  1679 | D:2      | Gained mutation: Your magical nature lets you fly swiftly
                  | and evasively. [Tengu growth]
  1679 | D:2      | Reached XP level 5. HP: 24/32 MP: 6/6
  1796 | D:3      | Received a gift from Nemelex Xobeh
  1837 | D:3      | Reached *** piety under Nemelex Xobeh
  2203 | D:3      | Found an ornate altar of the Wu Jian Council.
  2657 | D:4      | Reached skill level 5 in Axes
  2657 | D:4      | Reached skill level 1 in Staves
  2657 | D:4      | Reached XP level 6. HP: 38/38 MP: 7/7
  2748 | D:4      | Received a gift from Nemelex Xobeh
  2859 | D:4      | Reached skill level 2 in Staves
  3516 | D:4      | Noticed Ijyb
  3520 | D:4      | Noticed Sigmund
  3527 | D:4      | Killed Ijyb
  3528 | D:4      | Reached skill level 3 in Staves
  3534 | D:4      | Killed Sigmund
  3535 | D:4      | Reached skill level 4 in Staves
  3535 | D:4      | Reached skill level 5 in Dodging
  3535 | D:4      | Reached XP level 7. HP: 35/43 MP: 8/8
  3618 | D:4      | Reached **** piety under Nemelex Xobeh
  3675 | D:4      | Received a gift from Nemelex Xobeh
  3827 | D:5      | Entered Level 5 of the Dungeon
  3978 | D:5      | Found a sacrificial altar of Ru.
  4133 | D:5      | Reached skill level 5 in Staves
  4197 | D:5      | Reached XP level 8. HP: 43/48 MP: 9/9
  4228 | D:5      | Received a gift from Nemelex Xobeh
  4475 | D:5      | Found a white marble altar of Elyvilon.
  4545 | D:5      | Received a gift from Nemelex Xobeh
  4758 | D:5      | Noticed Edmund
  4780 | D:5      | Killed Edmund
  4917 | D:5      | Reached skill level 6 in Staves
  5447 | D:6      | Noticed Menkaure
  5456 | D:6      | Killed Menkaure
  5682 | D:6      | Noticed a yak
  5682 | D:6      | Noticed a yak
  5684 | D:6      | Noticed a yak
  5705 | D:6      | Killed a yak
  5706 | D:6      | Reached skill level 7 in Staves
  5724 | D:6      | Killed a yak
  5725 | D:6      | Reached skill level 5 in Fighting
  5725 | D:6      | Reached XP level 9. HP: 29/54 MP: 10/10
  5930 | D:6      | Found a runed translucent gate.
  5931 | D:6      | Found a runed translucent gate.
  5932 | D:6      | Found a runed translucent gate.
  5938 | D:6      | Noticed rddays123's ghost (novice FeSu)
  6127 | D:6      | Reached ***** piety under Nemelex Xobeh
  6296 | D:6      | Reached skill level 8 in Staves
  6403 | D:6      | Found a hide-covered altar of Uskayaw.
  6934 | D:7      | Found a staircase to the Ecumenical Temple.
  7649 | Temple   | Entered the Ecumenical Temple
  7895 | D:8      | Reached skill level 5 in Stealth
  7917 | D:8      | Reached skill level 9 in Staves
  8020 | D:8      | Reached XP level 10. HP: 60/60 MP: 11/11
  8333 | D:8      | Found an ancient bone altar of Kikubaaqudgha.
  8389 | D:8      | Reached skill level 10 in Staves
  8898 | D:8      | Received a gift from Nemelex Xobeh
  8965 | D:8      | Reached skill level 11 in Staves
  8984 | D:8      | Found a staircase to the Lair.
  9149 | D:8      | Found a transporter.
  9152 | D:8      | Noticed a red ugly thing
  9169 | D:8      | Found a corrupted altar of Lugonu.
  9239 | D:8      | Noticed a brown ugly thing
  9487 | D:9      | Reached XP level 11. HP: 63/67 MP: 12/12
  9550 | D:9      | Noticed a two-headed ogre
  9562 | D:9      | Killed a two-headed ogre
  9563 | D:9      | Reached skill level 12 in Staves
  9623 | D:9      | Received a gift from Nemelex Xobeh
  9695 | D:9      | Noticed a cyclops
  9705 | D:9      | Killed a cyclops
 10027 | D:9      | Noticed Harold
 10040 | D:9      | Killed Harold
 10783 | D:10     | Entered Level 10 of the Dungeon
 11046 | D:9      | Found a blossoming altar of Fedhas.
 11046 | D:9      | Found a glowing golden altar of the Shining One.
 11122 | D:10     | Received a gift from Nemelex Xobeh
 11390 | D:10     | Noticed a two-headed ogre
 11404 | D:10     | Killed a two-headed ogre
 11405 | D:10     | Reached skill level 10 in Dodging
 12079 | D:10     | Reached skill level 13 in Staves
 12527 | D:10     | Received a gift from Nemelex Xobeh
 13124 | D:12     | Found a staircase to the Orcish Mines.
 13216 | D:12     | Received a gift from Nemelex Xobeh
 13331 | D:12     | Noticed Frances
 13350 | D:12     | Killed Frances
 13351 | D:12     | Reached XP level 12. HP: 64/75 MP: 13/13
 13355 | D:12     | Found Noczepri's Jewellery Boutique.
 13389 | D:12     | Identified the +9 quarterstaff of the Shrike {drain, rC+
                  | Int+3}
 13636 | D:12     | Received a gift from Nemelex Xobeh
 13652 | D:12     | Noticed a boulder beetle
 13677 | D:12     | Killed a boulder beetle
 13678 | D:12     | Reached skill level 1 in Armour
 14128 | Orc:1    | Entered Level 1 of the Orcish Mines
 14220 | Orc:2    | Entered Level 2 of the Orcish Mines
 14369 | Orc:2    | Received a gift from Nemelex Xobeh
 14454 | Orc:2    | Reached ****** piety under Nemelex Xobeh
 14518 | Orc:2    | Gained mutation: You are frail. (-10% HP) [a neqoxec]
 14540 | Orc:2    | Paralysed by an orc sorcerer for 5 turns
 14543 | Orc:2    | Reached skill level 14 in Staves
 14766 | Orc:2    | Found Jargheyjiy's Weapon Emporium.
 14766 | Orc:2    | Found Susuihud's Assorted Antiques.
 14786 | Orc:2    | Paralysed by an orc sorcerer for 2 turns
 14792 | Orc:2    | HP: 3/65 [sixfirhy[an orc sorcerer] (11)]
 14807 | Orc:2    | Killed from afar by an orc sorcerer

Illustrated notes

Levels and vault maps discovered:
D:1:      minmay_arrival_pointy, layout_loops_ring, minmay_gold_behind_fungi
D:2:      layout_basic, dreamdust_ecumenical_altar_drowned_temple,
          hangedman_decor_clover_reticule, fountainhead,
          uniq_crazy_yiuf_cottage, uniq_jessica
D:3:      layout_loops_ring, general_overflow_altar, serial_bayou_pond_d
D:4:      layout_basic, nicolae_eternal_life, uniq_ijyb, uniq_sigmund
D:5:      layout_layer_cave, mainiacjoe_overflow_small_starburst,
          elyvilon_altar_1, serial_demonic, serial_demonic_e, serial_demonic_b,
          serial_demonic_e, serial_demonic_a, serial_demonic_e,
          serial_demonic_e, serial_demonic_g, serial_demonic_a,
          serial_demonic_d, serial_demonic_g, uniq_edmund
D:6:      layout_basic, nicolae_uskayaw_suspiria, ebering_ghost_rock_garden,
          minivault_22, uniq_menkaure
D:7:      layout_cave_pools, minmay_temple_entry_junction_2, hex_tiny,
          nicolae_kite_square_tiling_tiny
D:8:      gammafunk_corrupted_shrine, layout_loops_cross, lemuel_crystal_altar,
          minmay_lair_entry_grove, hangedman_misty_isle
D:9:      layout_basic, nicolae_overflow_hidden_temple, kennysheep_nondescript,
          lemuel_flamethrower_1, uniq_harold
D:10:     layout_gridville, solitary_fountain
D:11:     layout_basic, dk_noncrumbling_4
D:12:     layout_roguey, minmay_orc_entry_guard_dogs, serial_shops, shop_statue,
          uniq_frances
D:13:     layout_grid_maze, uniq_jorgrun
Temple:   nicolae_temple_superstar
Orc:1:    layout_diamond_mine, basic_altar, serial_shops, shop,
          okawaru_metal_pillars_3
Orc:2:    st_orc_town, layout_caves, uniq_snorg

Skill      XL: |  1  2  3  4  5  6  7  8  9 10 11 12 |
---------------+-------------------------------------+-----
Axes           | 4 5 |  5.0
Dodging        | 4 5 7 8 9 10 11 | 11.1
Stealth        | 1 2 3 4 5 6 8 |  8.6
Staves         | 1 4 5 7 9 11 13 14 | 14.3
Fighting       | 4 5 7 8 9 |  9.3
Armour         | 3 |  3.1

Action                     |  1- 3 |  4- 6 |  7- 9 | 10-12 || total
---------------------------+-------+-------+-------+-------++-------
  Melee: Hand axe          |    58 |    53 |       |       ||   111
         Kick              |    13 |    35 |    71 |   153 ||   272
         Peck              |     6 |    20 |    44 |    95 ||   165
         Quarterstaff      |       |    94 |   200 |   450 ||   744
 Invoke: Draw Destruction  |       |     1 |     4 |     8 ||    13
         Draw Escape       |       |     1 |     1 |     2 ||     4
         Draw Summoning    |       |       |     2 |    20 ||    22
    Use: Scroll            |     1 |       |    10 |     3 ||    14
         Potion            |       |       |    10 |     6 ||    16
   Stab: Sleeping          |     3 |     6 |     6 |     5 ||    20
         Distracted        |       |       |       |     7 ||     7
         Paralysed         |       |       |       |     1 ||     1
         Petrified         |       |       |       |     3 ||     3
         Petrifying        |       |       |       |     1 ||     1
 Armour: Robe              |    15 |    55 |    73 |    77 ||   220
         Troll leather arm |       |       |       |    35 ||    35
  Dodge: Dodged            |    51 |   131 |   254 |   448 ||   884
